 Dungeon Crawl Stone Soup version 0.29.1-12-g30fa7ad0bf (webtiles) character file.

Game seed: 7380204262847257702

62 xian the Shooter (level 4, 0/30 HPs)
             Began as an Octopode Hunter on Dec 17, 2022.
             Succumbed to Sigmund's poison
             ... on level 3 of the Dungeon.
             The game lasted 00:03:20 (1957 turns).

xian the Shooter (Octopode Hunter)                  Turns: 1957, Time: 00:03:21

Health: 0/30       AC:  1    Str: 12    XL:     4   Next: 8%
Magic:  4/4        EV: 13    Int: 11    God:
Gold:   85         SH:  0    Dex: 15    Spells: 3/3 levels left

rFire   . . .      SeeInvis .   a - +0 shortbow
rCold   . . .      Faith    .   (shield currently unavailable)
rNeg    . . .      Spirit   .   (helmet restricted)
rPois   .          Reflect  .   (no amulet)
rElec   .          Harm     .   (no ring)
rCorr   .          Rampage  .   (no ring)
Will    .....                   (no ring)
Stlth   +++.......              (no ring)
HPRegen 0.10/turn               (no ring)
MPRegen 0.09/turn               (no ring)
                                (no ring)
                                (no ring)

@: lethally poisoned (0 -> -2), flying
A: almost no armour, amphibious, 8 rings, camouflage 1, gelatinous body 1,
(nimble swimmer 1), tentacles
a: no special abilities


You were on level 3 of the Dungeon.
You visited 1 branch of the dungeon, and saw 3 of its levels.

You collected 85 gold pieces.

Inventory:

Hand Weapons
 a - a +0 shortbow (weapon)
Armour
 f - a +0 kite shield
Scrolls
 b - 2 scrolls of immolation
 d - 4 scrolls of identify {unknown}
 e - a scroll of magic mapping {unknown}
 g - 3 scrolls of teleportation {unknown}
 h - a scroll of vulnerability {unknown}


   Skills:
 + Level 2.3 Fighting
 + Level 5.2 Ranged Weapons
 + Level 2.1 Dodging
 + Level 1.4 Stealth


You had 3 spell levels left.
You didn't know any spells.
Your spell library was empty.

Dungeon Overview and Level Annotations

Branches:
Dungeon (3/15)

Altars:

Annotations:
D:2 Sigmund


Innate Abilities, Weirdness & Mutations

You cannot wear most types of armour.
You are amphibious.
You can wear up to eight rings at the same time.
Your skin changes colour to match your surroundings (Stealth+).
Your rubbery body absorbs attacks. (AC +1, EV +1)
((You are camouflaged when in or above water. (Stealth+)))
You have tentacles for arms and can constrict up to eight enemies at once.


Message History

You shoot an arrow. The arrow closely misses Sigmund.
You shoot an arrow. The arrow closely misses Sigmund.
Sigmund hits you from afar with a +0 scythe of venom!
You are lethally poisoned!
You shoot an arrow. The arrow hits Sigmund.
Sigmund is lightly wounded.
You feel very sick. Sigmund barely misses you.
You are too injured to fight recklessly!
You are too injured to fight recklessly!
You are too injured to fight recklessly!
You are too injured to fight recklessly!
You are too injured to fight recklessly!
You are too injured to fight recklessly!
You are too injured to fight recklessly!
Unknown command.
You feel very sick.
Sigmund points at you and mumbles some strange words.
You are confused.
You climb downwards.
* * * LOW HITPOINT WARNING * * *
You feel very sick.
There is a stone staircase leading up here.
It was a potion of flight.
You feel very buoyant.
You fly up into the air.
* * * LOW HITPOINT WARNING * * *
You feel sick.
You bump into the rock wall.
* * * LOW HITPOINT WARNING * * *
You feel sick.
* * * LOW HITPOINT WARNING * * *
You feel sick.
You feel less confused.
* * * LOW HITPOINT WARNING * * *
You feel sick.
There is a stone staircase leading up here.
* * * LOW HITPOINT WARNING * * *
You feel sick.
You die...

#.# ...
#.# #
#.#.#
###.#.
.... #†##
#.<# #@.#
.........#
.#.#####.#
..# ..#
..# #..#
.#


There were no monsters in sight!

Vanquished Creatures
  An adder (D:2)
  3 dart slugs (D:1)
  3 bats (D:1)
  2 endoplasms (D:1)
  3 giant cockroaches (D:1)
  5 goblins
  4 hobgoblins
  11 jackals
  A kobold (D:1)
  A quokka (D:1)
  2 ball pythons
  3 frilled lizards
  A rat (D:1)
40 creatures vanquished.

Vanquished Creatures (others)
  A fungus (D:1)
  A withered plant (D:1)
2 creatures vanquished.

Grand Total: 42 creatures vanquished

Notes
Turn   | Place    | Note
-------+----------+-------------------------------------------
     0 | D:1      | xian the Octopode Hunter began the quest for the Orb.
     0 | D:1      | Reached XP level 1. HP: 14/14 MP: 1/1
    49 | D:1      | Reached XP level 2. HP: 19/19 MP: 2/2
   510 | D:1      | Found a faded altar of an unknown god.
   717 | D:1      | Reached XP level 3. HP: 12/24 MP: 3/3
  1256 | D:2      | Reached skill level 5 in Ranged Weapons
  1435 | D:2      | Reached XP level 4. HP: 12/30 MP: 4/4
  1629 | D:2      | Noticed Sigmund
  1659 | D:3      | HP: 1/30 [poisoned by Sigmund]
  1956 | D:3      | HP: 1/30 [poisoned by Sigmund]
  1957 | D:3      | Succumbed to Sigmund's poison

Illustrated notes

Levels and vault maps discovered:
D:1:      lemuel_arrival_broad_hall, layout_basic, shapermc_ecumenical_altar_gd,
          grunt_decor_cap, minmay_misc_feat_square, minmay_misc_feat_nine_boxes
D:2:      layout_loops_cross, serial_shops, shop, basic_altar, uniq_sigmund
D:3:      cheibrodos_helix_gallery, layout_basic, uniq_natasha

Skill      XL: |  1  2  3 |
---------------+----------+-----
Ranged Weapons | 5 |  5.2
Fighting       | |  2.3
Dodging        | |  2.1
Stealth        | |  1.4

Action                   |  1- 3 |  4- 6 || total
-------------------------+-------+-------++-------
 Fire: Shortbow          |   124 |    17 ||   141
  Use: Potion            |       |     1 ||     1
Armor: Skin              |    13 |       ||    13
Dodge: Dodged            |    73 |     6 ||    79
